 Dungeon Crawl Stone Soup version 0.16.1-12-gf5c4a84 (webtiles) character file.

562 RepoMan the Sneak (level 7, -1/38 HPs)
             Began as a Kobold Arcane Marksman on Apr 9, 2015.
             Was a Believer of Dithmenos.
             Slain by Huymann's ghost (2 damage)
             ... on level 4 of the Dungeon.
             The game lasted 00:43:04 (4187 turns).

RepoMan the Sneak (Kobold Arcane Marksman)          Turns: 4187, Time: 00:43:04

Health: -1/38      AC:  4    Str:  9    XL:     7   Next: 57%
Magic:  14/14      EV: 14    Int: 13    God:    Dithmenos [**....]
Gold:   239        SH:  0    Dex: 16    Spells: 2 memorised, 9 levels left

rFire  . . .     SeeInvis .     a - +0 hand crossbow
rCold  . . .     Clarity  .     y - +0 leather armour
rNeg   . . .     SustAb   .     (no shield)
rPois  .         Gourm    .     n - +0 helmet
rElec  .         Spirit   .     (no cloak)
rCorr  .         Warding  .     (no gloves)
rMut   .         Stasis   .     (no boots)
MR     .....                    (no amulet)
Stlth  ++++......               (no ring)
                                (no ring)

@: wreathed by umbra, not resistant to hostile enchantments, stealthy
A: carnivore 3
a: Shadow Step, Renounce Religion


You were on level 4 of the Dungeon.
You worshipped Dithmenos.
Dithmenos was pleased with you.
You were very full.

You visited 1 branch of the dungeon, and saw 4 of its levels.

You collected 239 gold pieces.

Inventory:

Hand weapons
 a - a +0 hand crossbow (weapon)
 o - a cursed -1 blowgun
 s - a +0 dagger
Missiles
 c - 4 bolts (quivered)
 w - 7 curare-tipped needles
Armour
 h - a +0 robe
 n - a +0 helmet (worn)
 y - a +0 leather armour (worn)
Jewellery
 j - an uncursed ring of stealth {unknown}
 t - an uncursed ring of wizardry {unknown}
Magical devices
 z - a wand of confusion (16)
Scrolls
 g - 3 scrolls of remove curse {unknown}
 i - 4 scrolls of identify {unknown}
 k - a scroll of teleportation {unknown}
 m - a scroll of recharging {unknown}
 q - a scroll of amnesia {unknown}
 v - 2 scrolls of fog {unknown}
 x - a scroll of fear {unknown}
 B - a scroll of immolation {unknown}
Potions
 b - a potion of poison {unknown}
 r - a potion of haste {unknown}
 u - 2 potions of might
 A - a potion of lignification
Books
 d - a book of Debilitation

   Spells                             Type                      Level
   a - Corona                         Hexes                        1
   b - Slow                           Hexes                        2
   c - Inner Flame                    Hexes/Fire                   3
   d - Enslavement                    Hexes                        4
   e - Cause Fear                     Hexes                        4
   f - Leda's Liquefaction            Hexes/Earth                  4
Comestibles
 f - 6 meat rations
 l - a beef jerky
 p - a royal jelly


   Skills:
 - Level 1.1 Fighting
 * Level 3.0 Short Blades
 + Level 5.2 Crossbows
 - Level 2.4 Dodging
 * Level 5.3 Stealth
 + Level 3.1 Spellcasting
 + Level 4.1 Hexes


You had 9 spell levels left.
You knew the following spells:

 Your Spells              Type           Power        Failure   Level  Hunger
a - Corona                Hex            ##.....      10%         1    #......
b - Slow                  Hex            ##......     12%         2    ##.....


Dungeon Overview and Level Annotations

Branches:
Dungeon (4/15)
 Temple: D:4-7

Altars:
Dithmenos
Kikubaaqudgha
Makhleb
Qazlal
The Shining One

Annotations:
D:4 exclusion: moth of wrath, Huymann's ghost, experienced OgBe


Innate Abilities, Weirdness & Mutations

You are small and have problems with some larger weapons.
You are carnivorous and can eat meat at any time.


Message History

Huymann's ghost is almost destroyed.
Huymann's ghost closely misses you.
Firing (i - inventory):
c - 5 bolts (quivered)
Press: ? - help, Shift-Dir - straight line, f/p - Huymann's ghost
Aim: Huymann's ghost (almost destroyed, umbra)
You shoot a bolt.
The bolt hits Huymann's ghost but does no damage.
Huymann's ghost is almost destroyed.
Huymann's ghost wails, "Death is your only future!"
Huymann's ghost hits you.
* * * LOW HITPOINT WARNING * * *
Press: ? - help, v - describe, . - travel, g - get item
Here: Huymann's ghost (almost destroyed, umbra) 2 bolts.
The floor, spattered with blood.
Unknown command.
Drink which item? (? for menu, Esc to quit)
It was a potion of restore abilities.
You feel refreshed. Huymann's ghost hits you.
You die...

##.....## #.# ###.......# #.#
.....)....# #.# ###..<....# #.#
####......###.# .# #..........#
######### .###.#.##.#####
#.......#######
.......##.#########.#####.#......
.###......##..(W@.........#.###..
.# #.#.##.##.#######....#.#.# #..
## #......##.# ####.##### #..
##...####.# #.# #.. #...# #.# #.#
#.. #...# #.# #.# #..
#####...####(# #^# ###
#............###### #.#
............(.....# #.#


You could see Huymann's ghost.

Vanquished Creatures
  The ghost of eimernase the Caller, an average MfSu (D:3)
  2 vampire bats (D:2)
  An orc priest (D:4)
  A crimson imp (D:3)
  A hound (D:4)
  4 worker ants
  Jessica (D:3)
  8 adders
  4 gnolls (D:3)
  2 worms
  4 giant geckos
  8 orcs
  6 bats
  6 bat skeletons (D:2)
  A bat zombie (D:2)
  4 goblins
  7 hobgoblins
  5 kobolds
  A quokka (D:3)
  A ball python skeleton (D:4)
  4 giant newts
  6 rats
78 creatures vanquished.

Notes
Turn   | Place    | Note
--------------------------------------------------------------
     0 | D:1      | RepoMan, the Kobold Arcane Marksman, began the quest for the Orb.
     0 | D:1      | Reached XP level 1. HP: 12/12 MP: 2/2
   319 | D:1      | You fall through a shaft!
   346 | D:2      | Reached XP level 2. HP: 16/16 MP: 3/3
   347 | D:2      | Found a stormy altar of Qazlal.
   468 | D:2      | Found a glowing golden altar of the Shining One.
   538 | D:2      | Found a shadowy altar of Dithmenos.
   550 | D:2      | Became a worshipper of Dithmenos the Shadowed
   590 | D:2      | Reached XP level 3. HP: 11/20 MP: 0/4
   957 | D:1      | Reached skill level 1 in Stealth
  1431 | D:2      | Found an ancient bone altar of Kikubaaqudgha.
  1431 | D:2      | Noticed a vampire bat
  1431 | D:2      | Noticed a vampire bat
  1444 | D:2      | Killed a vampire bat
  1444 | D:2      | Reached XP level 4. HP: 11/25 MP: 2/6
  1461 | D:2      | Killed a vampire bat
  1461 | D:2      | Reached skill level 4 in Crossbows
  1461 | D:2      | Reached XP level 5. HP: 11/29 MP: 3/9
  2066 | D:3      | Noticed eimernase's ghost (average MfSu)
  2077 | D:3      | Killed eimernase's ghost
  2077 | D:3      | Reached XP level 6. HP: 24/34 MP: 8/11
  2385 | D:3      | Reached skill level 1 in Short Blades
  2677 | D:3      | Found a burning altar of Makhleb.
  2703 | D:3      | Noticed Jessica
  2947 | D:3      | Killed Jessica
  3098 | D:3      | Reached XP level 7. HP: 38/38 MP: 13/13
  3250 | D:3      | Learned a level 2 spell: Slow
  3488 | D:4      | Reached skill level 5 in Crossbows
  3724 | D:4      | Reached skill level 5 in Stealth
  3738 | D:4      | Acquired Dithmenos' first power
  4020 | D:4      | Noticed a moth of wrath
  4162 | D:4      | Noticed Huymann's ghost (experienced OgBe)
  4186 | D:4      | HP: 1/38 [Huymann's ghost (4)]
  4187 | D:4      | Slain by Huymann's ghost

Action                   |  1- 3 |  4- 6 |  7- 9 || total
-------------------------+-------+-------+-------++-------
Melee: Dagger            |    34 |    91 |    52 ||   177
 Fire: Hand crossbow     |    31 |    72 |    55 ||   158
 Cast: Corona            |    10 |    33 |    21 ||    64
       Slow              |       |       |     4 ||     4
  Use: Potion            |     2 |       |     1 ||     3
 Stab: Sleeping          |     2 |     1 |     3 ||     6
  Eat: Chunk             |     4 |    12 |     3 ||    19
